 Dungeon Crawl Stone Soup version 0.29.1-12-g30fa7ad0bf (webtiles) character file.

Game seed: 6453205711031518343

35 GigaChad the Trooper (level 3, -4/31 HPs)
             Began as a Palentonga Fighter on Dec 12, 2022.
             Killed by divine providence
             ... invoked by an orc priest
              (10 damage)
             ... on level 3 of the Dungeon.
             The game lasted 00:01:38 (1305 turns).

GigaChad the Trooper (Palentonga Fighter)           Turns: 1305, Time: 00:01:39

Health: -4/31      AC:  6    Str: 23    XL:     3   Next: 17%
Magic:  3/3        EV:  7    Int:  8    God:
Gold:   51         SH:  4    Dex:  9    Spells: 2/2 levels left

rFire   . . .      SeeInvis +   a - +0 war axe
rCold   . . .      Faith    .   c - +0 buckler
rNeg    . . .      Spirit   .   b - +0 scale mail
rPois   .          Reflect  .   (no helmet)
rElec   .          Harm     .   (no cloak)
rCorr   .          Rampage  .   (no gloves)
Will    .....                   (no barding)
Stlth   ..........              (no amulet)
HPRegen 0.10/turn               (no ring)
MPRegen 0.08/turn               (no ring)

@: lethally poisoned (-4 -> -8)
A: large, rugged brown scales 3, see invisible, deformed body, roll 1, armoured
tail
a: Rolling Charge


You were on level 3 of the Dungeon.
You visited 1 branch of the dungeon, and saw 3 of its levels.

You collected 51 gold pieces.

Inventory:

Hand Weapons
 a - a +0 war axe (weapon)
Armour
 b - a +0 scale mail (worn)
 c - a +0 buckler (worn)
Jewellery
 k - a ring of protection from cold
Scrolls
 e - 2 scrolls of brand weapon {unknown}
 g - a scroll of teleportation {unknown}
 i - a scroll of identify {unknown}
 l - a scroll of summoning {unknown}
Potions
 d - a potion of might
 f - a potion of cancellation {unknown}
 h - a potion of resistance {unknown}
 j - a potion of curing {unknown}


   Skills:
 + Level 3.4 Fighting
 + Level 2.3 Axes
 + Level 2.7 Armour
 + Level 3.1 Shields


You had 2 spell levels left.
You didn't know any spells.
Your spell library contained the following spells:

 Spells                   Type           Power      Damage    Failure   Level
 Scorch                   Fire           0%         2d5       90%         2
 Flame Wave               Conj/Fire      0%         2d4       100%        4
 Summon Cactus Giant      Summ           0%         N/A       100%        6


Dungeon Overview and Level Annotations

Branches:
Dungeon (3/15)

Altars:


Innate Abilities, Weirdness & Mutations

You are completely covered in rugged brown scales. (AC +3, +7% HP)
You have supernaturally acute eyesight. (SInv)
Armour fits poorly on your strangely shaped body.
You can roll at nearby foes to attack.
You have a long armoured tail.


Message History

The orc hits you with a +0 trident. The adder bites you but does no damage.
The orc barely misses you. You block the adder's attack. The adder bites you.
* * * LOW HITPOINT WARNING * * *
The orc closely misses you.
Unknown command.
You barely miss the adder. You hit the orc.
The adder bites you but does no damage.
The orc priest calls upon Beogh to heal the orc.
The orc is healed somewhat.
The adder bites you but does no damage.
You slash the adder!
The adder is almost dead.
You slash the orc!
You kill the orc!
An endoplasm comes into view.
You block the adder's attack.
You closely miss the adder.
The adder is almost dead.
You hit the orc wizard. The adder bites you but does no damage.
You block the orc wizard's attack. You block the adder's attack.
The orc wizard hits you but does no damage.
The orc priest begins to cast a cantrip, but forgets the words!
You closely miss the adder.
The adder is almost dead.
You barely miss the orc wizard. The adder bites you but does no damage.
The orc wizard mumbles some strange words.
The orc wizard flickers and vanishes for a moment.
The adder bites you.
* * * LOW HITPOINT WARNING * * *
You are poisoned.
The adder poisons you!
You hit the adder.
The adder is almost dead.
You slash the orc wizard!
You kill the orc wizard!
* * * LOW HITPOINT WARNING * * *
You feel sick. The adder barely misses you.
The orc priest mumbles some strange prayers to Beogh against you.
Beogh smites you!
You die...

......# #.##.##
.# ......#
#.##.# .# #
......
#.##.###.# .#
#........###...
####.##........
#......##.##
####...# #S#.##
#@...#
.....oJ#####
....... ......o
....... .......
....... .......


You could see 2 orc priests, an adder and an endoplasm.

Vanquished Creatures
  An orc wizard (D:3)
  An orc (D:3)
  2 endoplasms (D:1)
  A giant cockroach (D:1)
  3 goblins (D:1)
  2 hobgoblins (D:1)
  2 jackals (D:1)
  6 kobolds
  2 quokkas (D:1)
  3 ball pythons
  6 bats
  A frilled lizard (D:1)
  3 rats (D:1)
33 creatures vanquished.

Notes
Turn   | Place    | Note
-------+----------+-------------------------------------------
     0 | D:1      | GigaChad the Palentonga Fighter began the quest for the
                  | Orb.
     0 | D:1      | Reached XP level 1. HP: 19/19 MP: 1/1
   261 | D:1      | Reached XP level 2. HP: 11/25 MP: 2/2
   819 | D:1      | Reached XP level 3. HP: 20/31 MP: 3/3
  1237 | D:2      | You fall into a shaft and drop 1 floor!
  1305 | D:3      | Killed from afar by an orc priest

Illustrated notes

Levels and vault maps discovered:
D:1:      heliophobic_arrival_battle_scene, layout_basic
D:2:      layout_rooms
D:3:      layout_basic, mainiacjoe_overflow_surrounded_room, kennysheep_potato

Skill      XL: |  1  2 |
---------------+-------+-----
Shields        | 3 |  3.1
Fighting       | |  3.4
Axes           | |  2.3
Armour         | |  2.7

Action                   || total
-------------------------++-------
Melee: War axe           ||    72
       Tailslap          ||    10
Armor: Scale mail        ||    69
Dodge: Dodged            ||    40
Block: Buckler           ||    32
